Map: Новое противостояние РВ

Players

ИИ 1 (эксперт) - Winner!

  • Race: Zerg Zerg
  • Spawn Location: 1:00

Doll

  • Race: Terran Terran
  • Spawn Location: 7:00

VOD

Have the link to the VOD?

Description

Time

  • Played on: Nov. 8, 2022, 1:01 p.m.
  • Length: 5:14
Show
View Real Time Build Order
Export as new Build Order

ИИ 1 (эксперт) Zerg - Winner!

Build Orders: Pool First 

Get SALT Encoding   

  12  0:00  Drone  
  13  0:12  Overlord  
  13  0:16  Drone  
  14  0:30  Drone x2  
  14  0:34  Drone  
  17  0:48  Spawning Pool  
  17  0:49  Drone  
  17  1:11  Hatchery  
  17  1:15  Drone  
  17  1:18  Extractor  
  16  1:19  Extractor  
  16  1:22  Drone  
  16  1:26  Drone  
  16  1:31  Drone  
  18  1:38  Drone  
  19  1:49  Overlord  
  19  1:58  Queen  
  21  2:04  Zergling x2  
  22  2:10  Drone  
  23  2:26  Queen  
  25  2:35  Drone  
  26  2:40  Drone  
  26  2:42  Drone  
  28  2:46  Drone  
  29  3:00  Roach Warren  
  29  3:03  Drone  
  29  3:05  Drone  
  29  3:10  Zergling x2  
  29  3:12  Zergling x2  
  32  3:19  Overlord  
  32  3:22  Drone  
  32  3:25  Drone  
  34  3:33  Drone  
  34  3:40  Roach, Zergling x2  
  38  3:41  Roach  
  38  3:43  Zergling x2  
  38  3:46  Roach  
  40  3:52  Overlord  
  40  3:54  Zergling x2  
  39  3:59  Zergling x2  
  39  4:05  Zergling x4  
  40  4:13  Queen  
  41  4:18  Roach  
  41  4:21  Drone  
  42  4:32  Drone  
  42  4:37  Drone  
  41  4:42  Zergling x2  
  40  4:47  Zergling x2  
  40  4:52  Zergling x2  
  35  5:02  Drone  
Show
View Real Time Build Order
Export as new Build Order

Doll Terran 

Build Orders:  

Get SALT Encoding   

  12  0:00  SCV  
  13  0:13  Refinery  
  13  0:16  SCV  
  14  0:27  Supply Depot  
  14  0:29  SCV  
  15  0:50  Barracks  
  15  0:59  Barracks  
  15  1:03  SCV  
  16  1:15  Supply Depot  
  16  1:18  SCV  
  17  1:30  SCV  
  18  1:37  Reaper  
  19  1:43  SCV  
  19  1:46  Reaper  
  21  1:54  Barracks  
  21  1:58  SCV  
  22  2:06  Refinery  
  22  2:09  Reaper  
  22  2:12  SCV  
  24  2:18  Reaper  
  24  2:21  Supply Depot  
  25  2:24  SCV  
  26  2:40  Barracks  
  26  2:41  Reaper  
  26  2:42  Reaper  
  28  2:49  SCV  
  28  2:51  Reaper  
  30  3:01  Orbital Command  
  30  3:14  Reaper  
  30  3:17  Reaper  
  32  3:34  Command Center  
Tags
 
Add a new tag
Caveats
  • Supply blocks, unpowered buildings, or Contaminate may cause inaccurate times.
  • Supply counts are checked every 10 seconds.